Map: [ESL] Altitude

Players

Cow (PiG) - Winner!

  • Race: Terran Terran
  • League: Grandmaster
  • Spawn Location: 7:00

KhoazYeti

  • Race: Protoss Protoss
  • League: Silver
  • Spawn Location: 1:00

VOD

https://www.youtube.com/playlist?list=PLOrKQEirgvjBrkg_LERyoNc_WYX2C2tgI

Description

Time

  • Played on: July 11, 2023, 6:43 p.m.
  • Length: 12:19
Show
View Real Time Build Order
Export as new Build Order

Cow Terran - Winner!

Build Orders:  

Get SALT Encoding   

  12  0:00  SCV  
  13  0:12  SCV  
  14  0:17  Supply Depot  
  14  0:25  SCV  
  15  0:39  SCV  
  15  0:42  Barracks  
  16  0:46  Refinery  
  16  0:52  SCV  
  17  1:04  SCV  
  18  1:16  SCV  
  19  1:30  Orbital Command  
  19  1:32  Barracks Reactor  
  19  1:46  Command Center  
  19  1:56  SCV  
  19  1:57  Supply Depot  
  20  2:08  SCV  
  21  2:19  Factory  
  21  2:23  SCV  
  21  2:25  Refinery  
  22  2:30  Marine x2  
  22  2:35  SCV  
  25  2:47  Marine x2, SCV  
  28  3:00  Bunker, SCV  
  28  3:05  Orbital Command, Marine x2  
  31  3:14  Starport  
  31  3:18  Factory Tech Lab  
  31  3:23  Marine  
  32  3:31  SCV  
  32  3:32  SCV  
  34  3:34  Marine  
  34  3:41  Marine, Siege Tank  
  35  3:43  SCV  
  35  3:45  SCV  
  41  3:53  Supply Depot  
  41  3:55  SCV, Supply Depot  
  42  3:57  SCV  
  42  3:59  Viking  
  45  4:11  SCV  
  45  4:15  SCV  
  47  4:19  Marine  
  47  4:20  Marine  
  47  4:23  Siege Tank, SCV  
  53  4:27  SCV  
  54  4:35  SCV  
  55  4:39  SCV  
  56  4:48  SCV, Supply Depot  
  56  4:49  Supply Depot  
  56  4:51  SCV  
  58  5:00  SCV  
  58  5:01  Marine x2  
  58  5:03  SCV  
  58  5:04  Starport Reactor  
  62  5:09  Siege Tank  
  62  5:11  Supply Depot  
  62  5:12  SCV  
  66  5:16  SCV  
  67  5:36  Barracks  
  67  5:37  Barracks  
  67  5:38  Barracks  
  67  5:44  Barracks  
  67  5:47  SCV x2  
  69  5:50  Marine x2  
  69  5:51  Siege Tank  
  69  5:52  Medivac x2  
  76  5:59  SCV x2  
  78  6:08  Marine  
  79  6:11  SCV  
  79  6:12  Refinery x2  
  79  6:13  Engineering Bay  
  79  6:16  Supply Depot  
  79  6:17  Supply Depot  
  80  6:23  Siege Tank  
  83  6:35  Barracks Tech Lab x2  
  83  6:36  Barracks Reactor x2  
  83  6:38  Marine  
  83  6:39  Marine  
  85  6:49  Supply Depot  
  85  6:51  Supply Depot  
  85  6:56  Marine x2, Siege Tank  
  90  7:04  Marauder x2  
  94  7:14  Marine x2, Supply Depot  
  96  7:16  Supply Depot  
  96  7:20  Stimpack, Combat Shield  
  96  7:24  Terran Infantry Weapons Level 1, Marine  
  96  7:25  Marine  
  96  7:28  Siege Tank  
  96  7:29  Medivac  
  103  7:31  Marine x4  
  103  7:32  Marine x2  
  109  7:38  Supply Depot  
  109  7:40  Supply Depot  
  109  7:42  Marine x2  
  111  7:48  Marine  
  111  7:49  Marine x3  
  111  7:50  Marine x2  
  117  8:00  Marine x2  
  117  8:02  Supply Depot  
  117  8:04  Supply Depot  
  119  8:06  Marine x4  
  119  8:07  Marine  
  119  8:08  Marine  
  125  8:18  Marine x2  
  127  8:24  Marine x4  
  131  8:29  Supply Depot  
  131  8:36  Marine x4  
  131  8:38  Medivac x2, Siege Tank  
  131  8:39  Concussive Shells  
  141  8:42  Marine x4  
  145  8:54  Marine x2, Marauder x2  
  151  9:10  Siege Tank  
  143  9:37  Marauder x2, Marine x6  
  153  9:39  Medivac  
  153  9:40  Medivac  
  153  9:42  Siege Tank  
  160  9:51  Supply Depot  
  160  9:55  Marine x6  
  160  9:57  Supply Depot  
  160  9:58  Marauder x2  
  170  10:13  Marine x5, Supply Depot  
  177  10:14  Siege Tank  
  177  10:20  Marauder x2  
  178  10:21  Supply Depot  
  178  10:41  Marauder x2  
  178  10:46  Siege Tank  
  178  11:02  Marauder  
Show
View Real Time Build Order
Export as new Build Order

KhoazYeti Protoss 

Build Orders: 1 Gate Expand, Chargelot Immortal 

Get SALT Encoding   

  12  0:00  Probe  
  13  0:12  Probe  
  14  0:22  Pylon  
  14  0:27  Probe  
  15  0:40  Probe  
  15  0:42  Gateway  
  16  0:52  Probe (Chrono Boost)  
  16  0:54  Assimilator  
  18  1:04  Probe (Chrono Boost)  
  18  1:11  Probe (Chrono Boost)  
  19  1:19  Probe  
  20  1:34  Cybernetics Core  
  20  1:38  Nexus  
  20  1:47  Assimilator, Probe  
  21  1:59  Probe  
  22  2:05  Warp Gate  
  22  2:11  Probe  
  23  2:33  Pylon  
  23  2:39  Pylon  
  23  2:49  Stalker (Chrono Boost), Probe  
  26  2:55  Robotics Facility, Probe  
  27  3:02  Probe  
  28  3:08  Probe  
  28  3:12  Stalker (Chrono Boost)  
  29  3:14  Gateway, Probe  
  29  3:17  Gateway  
  32  3:20  Probe  
  33  3:35  Stalker (Chrono Boost), Twilight Council  
  33  3:39  Probe  
  33  3:40  Probe  
  37  3:51  Probe  
  37  3:52  Probe  
  37  3:55  Observer  
  40  4:12  Probe x2  
  40  4:15  Charge  
  42  4:22  Gateway  
  42  4:24  Gateway  
  42  4:29  Gateway  
  42  4:32  Gateway  
  42  4:37  Gateway  
  42  4:40  Probe x2  
  42  4:43  Assimilator  
  42  4:45  Assimilator  
  44  4:46  Immortal (Chrono Boost)  
  44  4:52  Probe x2  
  50  4:56  Stalker  
  50  4:59  Stalker  
  54  5:11  Pylon  
  54  5:18  Pylon  
  54  5:21  Pylon  
  54  5:27  Pylon  
  54  5:30  Probe x2  
  56  5:39  Zealot x3  
  56  5:40  Zealot x2  
  56  5:42  Probe x2  
  68  5:46  Warp Prism (Chrono Boost)  
  71  6:04  Probe  
  71  6:09  Zealot  
  71  6:10  Zealot  
  71  6:11  Zealot x3  
  77  6:12  Zealot  
  83  6:20  Templar Archives  
  83  6:38  Pylon  
  83  6:41  Pylon x2  
  83  6:57  Immortal  
  83  6:59  Zealot  
  83  7:00  Zealot x6  
  101  7:27  Psionic Storm  
  101  7:33  Immortal (Chrono Boost)  
  105  8:05  Immortal  
  109  8:35  Gateway  
  109  8:37  Gateway  
  109  8:59  Pylon x2  
  109  9:02  Pylon  
  109  9:04  Pylon  
  109  9:07  Pylon  
  108  9:16  High Templar x3  
  108  9:17  High Templar x4  
  60  9:28  Immortal (Chrono Boost)  
  60  9:40  Zealot x3  
  66  9:51  High Templar x3  
  72  9:52  High Templar  
  72  9:53  High Templar  
  76  10:01  Zealot x2  
  76  10:02  Zealot  
Tags
 
Add a new tag
Caveats
  • Supply blocks, unpowered buildings, or Contaminate may cause inaccurate times.
  • Supply counts are checked every 10 seconds.